AoeStats
← Mommy ;D

Arabia

509277814Analyzed
2v2 RM · 7d ago on Sep 26, 2026· 53m 30s· 4 players
Game mode
Random Map
Map size
Medium (4 player)
Population
200
Speed
Normal
Resources
Standard
Victory
Conquest
Starting age
Dark Age
Ending age
Imperial Age
RankedLock teamsTeams togetherTeam positionsShared explorationLock speedFull tech treeHidden civsTurbo modeCheats
Victory
Defeat
🇦🇺 Saracens · Australia
852
+14
🇩🇪 Slavs · Germany
851
+15
🇭🇷 Malians · Croatia
824
-15
🇪🇸 Franks · Spain
816
-14
Mommy ;D
6:18 Loom
9:29 Feudal Age
12:04 Double-Bit Axe
15:11 Horse Collar
16:14 Bloodlines
20:49 Castle Age
20:52 Gold Mining
22:39 Stone Mining
23:27 Wheelbarrow
25:47 Heavy Plow
26:47 Bow Saw
28:07 Hand Cart
29:31 Gold Shaft Mining
35:27 Imperial Age
34:59 Masonry
38:47 Imperial Age
38:01 Treadmill Crane
42:07 Murder Holes
pachekillo04
0:45 Loom
12:59 Feudal Age
14:57 Double-Bit Axe
19:06 Castle Age
18:15 Gold Mining
18:35 Stone Mining
22:54 Bow Saw
23:38 Wheelbarrow
25:25 Fervor
26:27 Husbandry
27:13 Forging
37:16 Imperial Age
35:29 Hand Cart
35:39 Scale Barding Armor
36:01 Ballistics
35:22 Treadmill Crane
39:33 Chemistry
41:28 Conscription
40:34 Cavalier
42:15 Iron Casting
42:02 Chain Barding Armor
42:24 Chivalry
42:24 Paladin
44:08 Blast Furnace
44:56 Plate Barding Armor
lawlypop7
7:03 Loom
11:40 Feudal Age
12:06 Man-at-Arms
19:33 Castle Age
17:59 Horse Collar
19:02 Double-Bit Axe
20:10 Bloodlines
20:59 Husbandry
20:57 Gold Mining
23:40 Gold Shaft Mining
27:55 Forging
29:25 Iron Casting
35:06 Imperial Age
33:58 Pikeman
34:38 Squires
35:10 Capped Ram
37:26 Conscription
36:37 Cavalier
42:33 Blast Furnace
42:47 Scale Barding Armor
43:52 Light Cavalry
50:20 Halberdier
kwis
9:47 Feudal Age
18:43 Fletching
21:49 Castle Age
21:27 Padded Archer Armor
22:24 Double-Bit Axe
23:25 Thumb Ring
26:58 Pikeman
30:29 Wheelbarrow
30:40 Gold Mining
31:10 Horse Collar
36:00 Imperial Age
36:36 Scale Barding Armor
36:41 Town Watch
37:12 Hand Cart
40:44 Chain Barding Armor
41:13 Forging
42:03 Conscription
41:15 Crossbowman
41:49 Town Watch
43:02 Plate Barding Armor
44:07 Bodkin Arrow
47:49 Elite Mameluke
48:47 Heavy Camel Rider
51:03 Iron Casting
50:31 Husbandry
52:55 Bloodlines
Connection lost

Rejoining the realm…

Still unreachable

The connection could not be restored.

Session expired

The server has moved on; the page needs a fresh start.